 Dungeon Crawl Stone Soup version 0.27-a0-448-gace5c5693b (webtiles) character file.

Game seed: 3201905718835013262

17 rageheart7 the Ducker (level 2, -2/26 HPs)
             Began as a Gnoll Wanderer on Feb 27, 2021.
             Slain by a worker ant (3 damage)
             ... on level 2 of the Dungeon.
             The game lasted 00:01:13 (828 turns).

rageheart7 the Ducker (Gnoll Wanderer)               Turns: 828, Time: 00:01:14

Health: -2/26      AC:  5    Str:  9    XL:     2   Next: 62%
Magic:  2/2        EV: 13    Int:  9    God:
Gold:   80         SH:  0    Dex: 15    Spells: 2/2 levels left

rFire    + . .     SeeInvis .   a - +0 spear
rCold    + . .     Faith    .   (no shield)
rNeg     . . .     Spirit   .   b - +2 leather armour
rPois    +         Reflect  .   (no helmet)
rElec    +         Harm     .   (no cloak)
rCorr    +         Rampage  .   (no gloves)
Will     .....                  (no boots)
Stlth    ++........             (no amulet)
HPRegen  0.08/turn              (no ring)
MPRegen  0.08/turn              (no ring)

@: lethally poisoned (-2 -> -6), resistant
A: distributed training, fangs 1, strong nose
a: no special abilities


You were on level 2 of the Dungeon.
You visited 1 branch of the dungeon, and saw 2 of its levels.

You collected 80 gold pieces.

Inventory:

Hand Weapons
 a - a +0 spear (weapon)
Armour
 b - a +2 leather armour (worn)
Scrolls
 d - a scroll of teleportation {unknown}
 e - a scroll of identify {unknown}
 g - a scroll of enchant armour {unknown}
Potions
 f - a potion of flight


   Skills:
 + Level 4.5 Fighting
 + Level 2.5 Short Blades
 + Level 0.5 Long Blades
 + Level 0.5 Axes
 + Level 0.5 Maces & Flails
 + Level 4.5 Polearms
 + Level 0.5 Staves
 + Level 0.5 Slings
 + Level 0.5 Bows
 + Level 0.5 Crossbows
 + Level 4.5 Throwing
 + Level 0.5 Armour
 + Level 4.5 Dodging
 + Level 2.3 Stealth
 + Level 0.5 Shields
 + Level 0.5 Unarmed Combat
 + Level 0.5 Spellcasting
 + Level 0.3 Conjurations
 + Level 0.3 Hexes
 + Level 0.3 Summonings
 + Level 0.3 Necromancy
 + Level 0.3 Translocations
 + Level 0.3 Transmutations
 + Level 0.3 Fire Magic
 + Level 0.3 Ice Magic
 + Level 0.3 Air Magic
 + Level 0.3 Earth Magic
 + Level 0.3 Poison Magic
 + Level 0.6 Invocations
 + Level 0.5 Evocations


You had 2 spell levels left.
You didn't know any spells.
Your spell library was empty.

Dungeon Overview and Level Annotations

Branches:
Dungeon (2/15)

Altars:


Innate Abilities, Weirdness & Mutations

Your experience applies equally to all skills.
You have very sharp teeth.
Your uncanny sense of smell can sniff out nearby items.


Message History

The worker ant is moderately wounded.
You feel sick.
You are no longer poisoned.
The worker ant barely misses you.
You hit the worker ant but do no damage.
The worker ant is moderately wounded.
The worker ant misses you.
You barely miss the worker ant.
The worker ant is moderately wounded.
The worker ant bites you.
You are poisoned.
The worker ant poisons you!
You barely miss the worker ant.
The worker ant is moderately wounded.
You feel sick. The worker ant bites you.
You barely miss the worker ant.
The worker ant is moderately wounded.
The worker ant completely misses you.
The worker ant bites you but does no damage.
You hit the worker ant but do no damage.
The worker ant is lightly wounded.
You feel sick. The worker ant bites you.
* * * LOW HITPOINT WARNING * * *
You hit the worker ant but do no damage.
The worker ant is lightly wounded.
The worker ant bites you.
* * * LOW HITPOINT WARNING * * *
You hit the worker ant but do no damage.
You bite the worker ant, but do no damage.
The worker ant is lightly wounded.
The worker ant barely misses you.
You closely miss the worker ant. Your bite misses the worker ant.
The worker ant is lightly wounded.
* * * LOW HITPOINT WARNING * * *
You feel sick.
The worker ant bites you but does no damage.
You hit the worker ant but do no damage.
The worker ant is lightly wounded.
The worker ant bites you.
You die...

##.###.#####...........#.
. ##.......##.#####.# # .
#.#.#######.####.##
#..###.###..........# #.#
##....##..#####.#
##.###.#######.# #..#.##
#.# #.#.#########.#
#....B@<......#
###.########..# #.# (.#
#.# #.# ... ..... .......
#........


You could see a worker ant.

Vanquished Creatures
  5 bats (D:1)
  A giant cockroach (D:1)
  A hobgoblin (D:1)
  2 jackals (D:1)
  4 frilled lizards
  A goblin (D:1)
  3 kobolds (D:1)
  A rat (D:1)
18 creatures vanquished.

Notes
Turn   | Place    | Note
-------+----------+-------------------------------------------
     0 | D:1      | rageheart7 the Gnoll Wanderer began the quest for the Orb.
     0 | D:1      | rageheart7 set off with the following items: a +0 spear, a
                  | +2 leather armour, a potion of curing
     0 | D:1      | Reached XP level 1. HP: 20/20 MP: 1/1
   133 | D:1      | Reached XP level 2. HP: 23/26 MP: 2/2
   825 | D:2      | HP: 1/26 [worker ant (3)]
   828 | D:2      | Slain by a worker ant

Illustrated notes

Levels and vault maps discovered:
D:1:      minmay_arrival_three_doors, layout_basic
D:2:      layout_loops_ring, uniq_terence, uniq_sigmund

Action                   || total
-------------------------++-------
Melee: Spear             ||    95
       Bite              ||     7
  Use: Potion            ||     6
 Stab: Sleeping          ||     3
Armor: Leather armour    ||    30
Dodge: Dodged            ||    57

Table legend: (Time is in decaauts)
 A = Elapsed time spent in this place.
 B = Non-inter-level travel time spent in this place.
 C = Inter-level travel time spent in this place.
 D = Time resting spent in this place.
 E = Time spent auto-exploring this place.
 F = Levels seen in this place.
 G = Mean time per level.
                   A        B        C        D        E       F      G
               +--------+--------+--------+--------+--------+-----+--------+
         Total |    816 |    786 |     30 |      0 |    622 |   2 |  408.0 |
       Dungeon |    816 |    786 |     30 |      0 |    622 |   2 |  408.0 |
               +--------+--------+--------+--------+--------+-----+--------+

Top non-repeatable levels by time:
     D:1: 710 daAuts
     D:2: 105 daAuts
